 Dungeon Crawl Stone Soup version 0.17.0-7-gfadd4cc (console) character file.

13 gw the Grasshopper (level 2, 0/22 HPs)
             Began as a Mummy Warper on Nov 9, 2015.
             Slain by a hobgoblin
             ... wielding a +0 club
              (3 damage)
             ... on level 1 of the Dungeon.
             The game lasted 00:00:43 (869 turns).

gw the Grasshopper (Mummy Warper)                    Turns: 869, Time: 00:00:43

Health: 0/22       AC:  2    Str: 14    XL:     2   Next: 24%
Magic:  0/5        EV: 12    Int: 12    God:
Gold:   64         SH:  0    Dex: 11    Spells: 3 memorised, 0 levels left

rFire  x . .     SeeInvis .     a - +0 mace
rCold  + . .     Clarity  .     e - +0 robe (curse)
rNeg   + + +     SustAt   .     (no shield)
rPois  ∞         Gourm    .     (no helmet)
rElec  .         Spirit   .     (no cloak)
rCorr  .         Warding  .     (no gloves)
rMut   .         Stasis   .     (no boots)
MR     .....                    (no amulet)
Stlth  +.........               (no ring)
                                (no ring)

@: shrouded, very slightly contaminated, not resistant to hostile enchantments,
very unstealthy
A: no food or potions, fire vulnerability, cold resistance 1, negative energy
resistance 3, torment resistance, unbreathing
a: no special abilities


You were on level 1 of the Dungeon.
You were not hungry.

You visited 1 branch of the dungeon, and saw 1 of its levels.

You collected 64 gold pieces.

Inventory:

Hand Weapons
 a - a +0 mace (weapon)
Missiles
 f - 21 poisoned needles
Armour
 b - a +0 leather armour
 e - a cursed +0 robe (worn)
 g - a +0 leather armour
Books
 c - a book of Spatial Translocations

   Spells                             Type                      Level
   a - Apportation                    Translocation                1
   b - Blink                          Translocation                2
   c - Shroud of Golubria             Charms/Translocation         2
   d - Portal Projectile              Translocation                3
   e - Teleport Other                 Translocation                3
   f - Passage of Golubria            Translocation                4


   Skills:
 + Level 2.2 Fighting
 + Level 1.6 Maces & Flails
 + Level 1.0 Throwing
 + Level 1.0 Armour
 - Level 1.5 Dodging
 * Level 2.2 Spellcasting
 + Level 2.5 Translocations


You couldn't memorise any spells.
You knew the following spells:

 Your Spells              Type           Power        Failure   Level  Hunger
a - Apportation           Tloc           #.........   12%         1    N/A
b - Blink                 Tloc           N/A          14%         2    N/A
c - Shroud of Golubria    Chrm/Tloc      #.........   28%         2    N/A

Dungeon Overview and Level Annotations

Branches:
Dungeon (1/15)

Altars:


Innate Abilities, Weirdness & Mutations

You do not eat or drink.
Your flesh is vulnerable to fire.
You are immune to poison.
Your flesh is cold resistant.
You are immune to negative energy.
You are immune to unholy pain and torment.
You can survive without breathing.


Message History

The hobgoblin barely misses you.
You can't eat.
The hobgoblin hits you with a club.
There isn't anything here!
Unknown command.
Unknown command.
Unknown command.
ATTACK MOVE TO (1,0)
You barely miss the hobgoblin.
The hobgoblin is moderately wounded.
The hobgoblin hits you with a club.
Unknown command.
Unknown command.
Unknown command.
Unknown command.
ATTACK MOVE TO (1,0)
You hit the hobgoblin.
The hobgoblin is heavily wounded.
The hobgoblin hits you with a club.
You die...

##.#################
.?..KK.¤?..g.......# #####
#.#..#############.###...## #
###.##.....# #..........#
###.#.##.....# #.....###...##
#####.....# ##.##
#MgKK.....####.# #.#
#.###..........# #.# #.#
#.....####.# #.# #.# ####### #.#
#.# #.# #.# #.# #.# #.#
##########.# #.# ###.###
...........#####.####### #.....#
###.#####.=............####.###.#


You could see a hobgoblin and 2 kobolds.

Table legend:
 A = Turns spent in this place as a percentage of turns spent in the entire game.
 B = Non-inter-level travel turns spent in this place as a percentage of non-inter-level travel turns spent in the entire game.
 C = Inter-level travel turns spent in this place as a percentage of turns spent in this place.
 D = Turns resting spent in this place as a percentage of non-inter-level travel turns spent in this place.
 E = Turns spent auto-exploring this place as a percentage of non-inter-level travel turns spent in this place.
 F = Non-inter-level travel turns spent in this place divided by the number of levels of this place that you've seen.
                   A       B       C       D       E      F
               +-------+-------+-------+-------+-------+----------------------
         Total | 100.0 | 100.0 |   0.0 |   1.9 |   2.3 | 1058.0
       Dungeon | 100.0 | 100.0 |   0.0 |   1.9 |   2.3 | 1058.0
               +-------+-------+-------+-------+-------+----------------------

Table legend:
 A = Kills in this place as a percentage of kills in entire the game.
 B = Kills by you in this place as a percentage of kills by you in the entire game.
 C = Kills by friends in this place as a percentage of kills by friends in the entire game.
 D = Other kills in this place as a percentage of other kills in the entire game.
 E = Experience gained in this place as a percentage of experience gained in the entire game.
 F = Experience gained in this place divided by the number of levels of this place that you have seen.
                   A       B       C       D       E      F
               +-------+-------+-------+-------+-------+----------------------
         Total | 100.0 | 100.0 |  -nan |  -nan | 100.0 |  19.0
       Dungeon | 100.0 | 100.0 |  -nan |  -nan | 100.0 |  19.0
               +-------+-------+-------+-------+-------+----------------------

Vanquished Creatures
  A bat (D:1)
  A hobgoblin (D:1)
  A kobold (D:1)
  5 giant newts (D:1)
  4 goblins (D:1)
  A rat (D:1)
13 creatures vanquished.

Notes
Turn   | Place    | Note
--------------------------------------------------------------
     0 | D:1      | gw the Mummy Warper began the quest for the Orb.
     0 | D:1      | Reached XP level 1. HP: 16/16 MP: 3/3
   218 | D:1      | Reached skill level 1 in Throwing
   348 | D:1      | Reached XP level 2. HP: 22/22 MP: 5/5
   362 | D:1      | Learned a level 2 spell: Blink
   365 | D:1      | Learned a level 2 spell: Shroud of Golubria
   562 | D:1      | Reached skill level 1 in Armour
   869 | D:1      | Slain by a hobgoblin

Action                   || total
-------------------------++-------
Melee: Mace              ||    33
Throw: Tomahawk          ||     5
 Cast: Shroud of Golubri ||    11
  Use: Scroll            ||     1

Vault maps used:
D:1:      minmay_arrival_semitransparent
